 Dungeon Crawl Stone Soup version 0.29.0-13-gc9e81de378 (webtiles) character file.

Game seed: 17161836474303351406

4 freelancePsychic the Shooter (level 1, -2/18 HPs)
             Began as a Meteoran Hunter on Sept 11, 2022.
             Slain by a bullfrog (3 damage)
             ... on level 6 of the Dungeon.
             The game lasted 00:01:05 (134 turns).

freelancePsychic the Shooter (Meteoran Hunter)       Turns: 134, Time: 00:01:05

Health: -2/18      AC:  3    Str: 12    XL:     1   Next: 85%
Magic:  2/2        EV: 12    Int: 10    God:
Gold:   19         SH:  0    Dex: 17    Spells: 0/0 levels left

rFire   . . .      SeeInvis .   a - +0 shortbow (flame)
rCold   . . .      Faith    .   (shield currently unavailable)
rNeg    . . .      Spirit   .   c - +0 leather armour
rPois   .          Reflect  .   (no helmet)
rElec   .          Harm     .   (no cloak)
rCorr   .          Rampage  .   (no gloves)
Will    .....                   (no boots)
Stlth   +.........              (no amulet)
HPRegen 0.06/turn               (no ring)
MPRegen 0.08/turn               (no ring)

@: glowing
A: sense surroundings 1, otherworldly, glowing, explore regen
a: no special abilities


You were on level 6 of the Dungeon.
You visited 1 branch of the dungeon, and saw 4 of its levels.

You collected 19 gold pieces.

Inventory:

Hand Weapons
 a - a +0 shortbow of flaming (weapon)
Armour
 c - a +0 leather armour (worn)
Wands
 g - a wand of polymorph (8)
Scrolls
 b - a scroll of immolation


   Skills:
 + Level 2.3 Fighting
 * Level 4.5 Ranged Weapons
 - Level 2.4 Dodging
 - Level 0.6 Stealth


You couldn't memorise any spells.
You didn't know any spells.
Your spell library was empty.

Dungeon Overview and Level Annotations

Branches:
Dungeon (3/15) Zot: 2261

Altars:


Innate Abilities, Weirdness & Mutations

You passively map a small area around you.
You are easily found by Zot.
You glow in the dark.
You regain HP and MP as you explore.


Message History

Fire: a) +0 shortbow (flame)
Press: ? - help, Shift-Dir - straight line, f/p - bullfrog
Aim: a bullfrog (lightly wounded, 56% to hit)
You shoot an arrow. The arrow closely misses the bullfrog.
The arrow closely misses the orc.
The arrow hits the ice beast.
The arrow melts the ice beast.
The ice beast is lightly wounded.
You hear a loud, deep croak!
The bullfrog hits you.
The bullfrog hits you but does no damage.
Fire: a) +0 shortbow (flame)
Press: ? - help, Shift-Dir - straight line, f/p - bullfrog
Aim: a bullfrog (lightly wounded, 56% to hit)
You shoot an arrow. The arrow hits the bullfrog.
The arrow burns the bullfrog.
The bullfrog is moderately wounded.
A bullfrog comes into view.
The bullfrog hits you. x2
* * * LOW HITPOINT WARNING * * *
The bullfrog barely misses you. The bullfrog hits you.
* * * LOW HITPOINT WARNING * * *
Fire: a) +0 shortbow (flame)
Press: ? - help, Shift-Dir - straight line, f/p - bullfrog
Aim: a bullfrog (moderately wounded, 56% to hit)
You shoot an arrow. The arrow hits the bullfrog.
The arrow burns the bullfrog.
The bullfrog is moderately wounded.
The bullfrog closely misses you. The bullfrog hits you.
* * * LOW HITPOINT WARNING * * *
The bullfrog hits you but does no damage.
The bullfrog misses you.
Fire: a) +0 shortbow (flame)
Press: ? - help, Shift-Dir - straight line, f/p - bullfrog
Aim: a bullfrog (moderately wounded, 56% to hit)
You shoot an arrow. The arrow barely misses the bullfrog.
The arrow closely misses the orc.
The arrow hits the ice beast!
The arrow melts the ice beast.
The ice beast is heavily wounded.
You hear a shout!
The bullfrog hits you but does no damage.
The bullfrog hits you.
You die...

, ,....#.#.#.#.#.#.#
, ,
^....#.#.#.#.#.#.#,
*+#l#.#.#.#.#.#.#.# ,
,
*#.#.#.#.#.#.#.#.#.#
,,
#.#.#.#.#.#.#.#.#.#
,+#.#.#Y#.#.#.#.#.#.#
#.#.#o#.#.#.#.#.#.#.
, *
#F#F#.#.#.#.#.#.#. *
* *
#.#@#.#.#.#.#.#.#. *
################# * ,


You could see an ice beast, 2 bullfrogs and an orc.

Vanquished Creatures
  A quokka (D:1)
  A ball python (D:1)
  2 kobolds
  A rat (D:3)
5 creatures vanquished.

Notes
Turn   | Place    | Note
-------+----------+-------------------------------------------
     0 | D:1      | freelancePsychic the Meteoran Hunter began the quest for
                  | the Orb.
     0 | D:1      | Reached XP level 1. HP: 17/17 MP: 2/2
   110 | D:3      | You fall into a shaft and drop 3 floors!
   112 | D:6      | Noticed an ice beast
   119 | D:6      | Noticed a bullfrog
   124 | D:6      | Noticed an iguana
   132 | D:6      | Noticed a bullfrog
   134 | D:6      | Slain by a bullfrog

Illustrated notes

Levels and vault maps discovered:
D:1:      erik_arrival_blinker_ship, layout_basic, serial_shops,
          nicolae_shop_behind_doors, hellmonk_ecumenical_altar_heavens_door,
          hex_intersection
D:2:      layout_basic, uniq_sigmund
D:3:      layout_basic, kennysheep_cluttered_room, minmay_starry_boxes
D:6:      layout_basic, nicolae_tso_swordbearing_angel, temple_statues

Action                   || total
-------------------------++-------
 Fire: Shortbow          ||    12
  Use: Scroll            ||     2
       Potion            ||     1
Armor: Leather armour    ||     6
Dodge: Dodged            ||    10
